 Dungeon Crawl Stone Soup version 0.21.1-1-g345015f (webtiles) character file.

72 sking99 the Cudgeler (level 4, -2/28 HPs)
             Began as a Gargoyle Fighter on June 24, 2018.
             Slain by a gnoll
             ... wielding a +0 club
              (5 damage)
             ... on level 2 of the Dungeon.
             The game lasted 00:02:31 (1116 turns).

sking99 the Cudgeler (Gargoyle Fighter)             Turns: 1116, Time: 00:02:32

Health: -2/28      AC: 10    Str: 20    XL:     4   Next: 25%
Magic:  4/4        EV:  7    Int:  8    God:
Gold:   50         SH:  9    Dex: 10    Spells: 3/3 levels left

rFire    . . .     SeeInvis .   a - +0 flail
rCold    . . .     Gourm    .   c - +0 shield
rNeg     + . .     Faith    .   b - +0 scale mail
rPois    ∞         Spirit   .   (no helmet)
rElec    +         Reflect  .   (no cloak)
rCorr    .         Harm     .   (no gloves)
MR       .....                  (no boots)
Stlth    ..........             (no amulet)
HPRegen  0.09/turn              (no ring)
MPRegen  0.09/turn              (no ring)

@: no status effects
A: negative energy resistance 1, electricity resistance, unbreathing,
petrification resistance, rot immunity, AC +3
a: no special abilities


You were on level 2 of the Dungeon.
You were not hungry.

You visited 1 branch of the dungeon, and saw 2 of its levels.

You collected 50 gold pieces.

Inventory:

Hand Weapons
 a - a +0 flail (weapon)
Armour
 b - a +0 scale mail (worn)
 c - a +0 shield (worn)
Scrolls
 e - 3 scrolls of remove curse {unknown}
 h - 3 scrolls of identify {unknown}
 j - 2 scrolls of enchant armour {unknown}
 k - a scroll of random uselessness {unknown}
Potions
 d - a potion of might
 i - a potion of agility {unknown}
Comestibles
 f - a ration
 g - 20 chunks of flesh


   Skills:
 - Level 3.2 Fighting
 + Level 4.4 Maces & Flails
 - Level 3.2 Armour
 - Level 3.2 Shields


You had 3 spell levels left.
You didn't know any spells.

Dungeon Overview and Level Annotations

Branches:
Dungeon (2/15)

Altars:


Innate Abilities, Weirdness & Mutations

You are resistant to torment.
Your stone body is resilient. (AC +3)
You are immune to poison.
You resist negative energy. (rN+)
You are resistant to electric shocks. (rElec)
You can survive without breathing.
You are immune to petrification.
You are immune to rotting.


Message History

You kill the goblin!
The gnoll hits you from afar with a spear.
You block the gnoll's attack.
Things that are here:
a club; a gnoll corpse You closely miss the gnoll.
The gnoll hits you but does no damage.
You hit the gnoll.
The gnoll is heavily wounded.
The gnoll hits you with a spear. The gnoll hits you with a spear!
* * * LOW HITPOINT WARNING * * *
You sock the gnoll!
You kill the gnoll!
You sock the gnoll!
The gnoll is severely wounded.
The gnoll hits you with a club.
* * * LOW HITPOINT WARNING * * *
Your shield prevents you from hitting the gnoll.
The gnoll is severely wounded.
The gnoll hits you with a club.
You die...

≈≈≈###.#....# .#
≈≈≈###.##.### .#
####........## .
......)....(.##..
..........gg..# #########
..............# #.......#
...........÷..# #.......#
..............#######.......#
...............g@...........#
(.............#######.....<.#
#.....#.....#.#### #.......#
#########(.....####.......#
#......).###.######
#......#.....# #......#######
########


You could see a gnoll.

Vanquished Creatures
  3 gnolls (D:2)
  A worm (D:2)
  A ball python (D:2)
  5 giant cockroaches
  6 goblins
  4 hobgoblins
  2 jackals (D:2)
  A quokka (D:2)
  5 bats
  5 frilled lizards
  A kobold (D:1)
  6 rats
40 creatures vanquished.

Notes
Turn   | Place    | Note
-------+----------+-------------------------------------------
     0 | D:1      | sking99 the Gargoyle Fighter began the quest for the Orb.
     0 | D:1      | Reached XP level 1. HP: 14/14 MP: 1/1
   164 | D:1      | Reached XP level 2. HP: 19/19 MP: 2/2
   358 | D:1      | Reached skill level 3 in Maces & Flails
   942 | D:2      | Reached XP level 3. HP: 23/23 MP: 3/3
  1087 | D:2      | Reached skill level 4 in Maces & Flails
  1108 | D:2      | Reached XP level 4. HP: 16/28 MP: 4/4
  1116 | D:2      | Slain by a gnoll

Skill      XL: |  1  2  3 |
---------------+----------+-----
Maces & Flails | 3 4 |  4.4
Fighting       | |  3.2
Armour         | |  3.2
Shields        | |  3.2

Action                   |  1- 3 |  4- 6 || total
-------------------------+-------+-------++-------
Melee: Flail             |   155 |     7 ||   162
  Eat: Chunk             |     1 |       ||     1
Armor: Scale mail        |    67 |     2 ||    69
Dodge: Dodged            |    55 |       ||    55
Block: Shield            |    97 |     2 ||    99
